 Dungeon Crawl Stone Soup version 0.20-a0-1118-g35a2cd3 (webtiles) character file.

3593 MenacingMecha the Cleaver (level 9, 0/74 HPs)
             Began as a Deep Dwarf Fighter on May 10, 2017.
             Was an Initiate of Makhleb.
             Slain by a two-headed ogre
             ... wielding a +0 giant club
              (17 damage)
             ... on level 8 of the Dungeon.
             The game lasted 00:26:30 (6157 turns).

MenacingMecha the Cleaver (Deep Dwarf Fighter)      Turns: 6157, Time: 00:26:31

Health: 0/74       AC: 11    Str: 20    XL:     9   Next: 85%
Magic:  7/7        EV: 14    Int:  9    God:    Makhleb [......]
Gold:   613        SH:  4    Dex: 19    Spells: 8/8 levels left

rFire    . . .     SeeInvis .   a - +0 war axe
rCold    . . .     Gourm    .   (no shield)
rNeg     + . .     Faith    .   x - +2 scale mail {rPois} {rPois}
rPois    +         Spirit   .   z - +0 helmet
rElec    .         Reflect  +   (no cloak)
rCorr    .         Harm     .   s - +0 pair of gloves
MR       +....                  (no boots)
Stlth    +.........             r - +4 amulet of reflection
Regen    0.0/turn               B - ring of positive energy {rN+}
MPRegen  0.1/turn               F - +4 ring of dexterity

@: non-regenerating
A: damage resistance, heal wounds, sense surroundings 2, no regeneration
a: Heal Wounds, Renounce Religion


You were on level 8 of the Dungeon.
You worshipped Makhleb.
Makhleb was noncommittal.
You were not hungry.

You visited 2 branches of the dungeon, and saw 9 of its levels.
You also visited: Sewer.

You collected 613 gold pieces.

Inventory:

Hand Weapons
 a - a +0 war axe (weapon)
Missiles
 p - 3 curare-tipped needles
 L - 2 javelins (quivered)
Armour
 c - a +0 shield
 g - the +5 ring mail "Xyiwkuox" {+Blink rCorr Str-5}
   (You found it on level 4 of the Dungeon)

   It affects your strength (-5).
   It lets you blink.
   It protects you from acid and corrosion.
 s - a +0 pair of gloves (worn)
   (You found it on level 2 of the Dungeon)
 x - a +2 scale mail of poison resistance (worn) {rPois}
   (You took it off an orc on level 4 of the Dungeon)
 z - a +0 helmet (worn)
   (You found it on level 4 of the Dungeon)
Jewellery
 i - an uncursed ring of ice {rC+, rF-}
   (You found it on level 1 of the Dungeon)
 q - an uncursed ring of wizardry {Wiz+}
   (You found it on level 2 of the Dungeon)
 r - a +4 amulet of reflection (around neck)
   (You found it on level 2 of the Dungeon)
 t - an uncursed ring of magical power {MP+9}
   (You found it on level 2 of the Dungeon)
 B - a ring of positive energy (left hand) {rN+}
   (You found it on level 5 of the Dungeon)
 F - a +4 ring of dexterity (right hand)
   (You found it on level 5 of the Dungeon)
 J - an uncursed ring of ice {rC+, rF-}
   (You took it off a crimson imp on level 7 of the Dungeon)
Wands
 b - a wand of iceblast (1/15)
   (You found it on level 4 of the Dungeon)
 v - a wand of acid (1/15)
   (You found it on level 3 of the Dungeon)
Scrolls
 h - 6 scrolls of identify
 l - 5 scrolls of teleportation
 o - 2 scrolls of fear {unknown}
 y - 2 scrolls of blinking {unknown}
 H - a scroll of amnesia {unknown}
 K - a scroll of magic mapping
Potions
 d - 3 potions of might
 e - a potion of agility {unknown}
 j - a potion of cancellation {unknown}
 m - a potion of invisibility
 n - a potion of ambrosia {unknown}
 w - 5 potions of curing
 A - 2 potions of haste
 D - a potion of flight
 E - a potion of mutation {unknown}
Books
 I - a book of Conjurations
   (You found it on level 7 of the Dungeon)
Comestibles
 f - 7 bread rations
 k - 9 royal jellies
 u - 7 fruits
 C - 3 meat rations
 G - a chunk of flesh


   Skills:
 - Level 2.6 Fighting
 - Level 13.3 Axes
 - Level 3.2 Armour
 + Level 6.6 Dodging
 - Level 2.4 Stealth
 - Level 3.2 Shields


You had 8 spell levels left.
You didn't know any spells.

Dungeon Overview and Level Annotations

Branches:
Dungeon (8/15)             Temple (1/1) D:6
   Lair: D:8-11

Altars:
Cheibriados
Dithmenos
Elyvilon
Fedhas
Gozag
Hepliaklqana
Kikubaaqudgha
Makhleb
Nemelex Xobeh
Okawaru
Qazlal
Ru
Sif Muna
Trog
Uskayaw
Vehumet
Xom
Yredelemnul
Zin
The Shining One

Annotations:
D:6 two-headed ogre, Blork the orc
D:7 exclusion: 2 electric eels


Innate Abilities, Weirdness & Mutations

You are resistant to damage.
You can heal yourself by infusing magical energy.
You passively map the area around you.
You do not regenerate.


Message History

You remove your ring of ice {rC+, rF-}.
You feel agile.
F - a +4 ring of dexterity (right hand) Put on which piece of jewellery? (? for menu, Esc to quit)
You're wearing all the rings you can.
Remove which one? (? for menu, Esc to cancel) < or
i - a ring of ice {rC+, rF-}; > or
F - a +4 ring of dexterity You remove your ring of ice {rC+, rF-}.
B - a ring of positive energy (left hand) {rN+}
u - 7 fruits (gained 3) Eating one of 4 chunks of flesh.
You eat one of the 4 chunks of flesh.
This raw flesh tastes terrible.
Some of the chunks of flesh in your inventory have rotted away.
A hound comes into view.
The hound barks!
You slash the hound!
The hound is almost dead.
You block the hound's attack.
You hit the hound.
You kill the hound!
Makhleb accepts your kill.
A scorpion comes into view.
You slash the scorpion!
The scorpion is heavily wounded.
You block the scorpion's attack.
You slash the scorpion!
You kill the scorpion!
Makhleb accepts your kill.
You see here a scorpion corpse.
A two-headed ogre comes into view. It is wielding two giant clubs.
The two-headed ogre shouts in stereo!
Throwing (i - inventory):
L - 4 javelins (quivered)
Press: ? - help, Shift-Dir - straight line, f - two-headed ogre
Aim: a two-headed ogre, wielding two giant clubs You throw a javelin.
The javelin hits the two-headed ogre.
The two-headed ogre is lightly wounded.
Throwing (i - inventory):
L - 3 javelins (quivered)
Press: ? - help, Shift-Dir - straight line, f/p - two-headed ogre
Aim: a two-headed ogre, wielding two giant clubs (lightly wounded)
You throw a javelin. The javelin hits the two-headed ogre.
The two-headed ogre is lightly wounded.
Okay, then.
That item cannot be evoked!
Evoke which item? (* to show all) (? for menu, Esc to quit)
Aiming: Corrosive Bolt
Press: ? - help, Shift-Dir - straight line, f/p - two-headed ogre
Aim: a two-headed ogre, wielding two giant clubs (lightly wounded)
The bolt of acid misses the two-headed ogre.
This wand has 2 charges left.
Press: ? - help, v - describe, . - travel The floor.
Evoke which item? (* to show all) (? for menu, Esc to quit)
Aiming: Corrosive Bolt
Press: ? - help, Shift-Dir - straight line, f/p - two-headed ogre
Aim: a two-headed ogre, wielding two giant clubs (lightly wounded)
The bolt of acid hits the two-headed ogre.
The two-headed ogre is splashed with acid.
The two-headed ogre is heavily wounded.
This wand has 1 charge left.
You hit the two-headed ogre but do no damage.
The two-headed ogre is heavily wounded.
The two-headed ogre hits you with a giant club!!
* * * LOW HITPOINT WARNING * * *
The two-headed ogre misses you.
You hit the two-headed ogre.
The two-headed ogre is heavily wounded.
The two-headed ogre completely misses you.
The two-headed ogre misses you.
Your magical essence is drained by the effort!
You feel much better.
Your scale mail prevents you from hitting the two-headed ogre.
The two-headed ogre is heavily wounded.
The two-headed ogre barely misses you.
The two-headed ogre hits you with a giant club.
You hit the two-headed ogre.
The two-headed ogre is severely wounded.
The two-headed ogre hits you with a giant club.
The two-headed ogre hits you with a giant club!
* * * LOW HITPOINT WARNING * * *
You feel much better.
You hit the two-headed ogre but do no damage.
The two-headed ogre is heavily wounded.
The two-headed ogre misses you.
The two-headed ogre hits you with a giant club!
You hit the two-headed ogre but do no damage.
The two-headed ogre is heavily wounded.
The two-headed ogre hits you but does no damage.
The two-headed ogre hits you with a giant club!
* * * LOW HITPOINT WARNING * * *
You slash the two-headed ogre!
The two-headed ogre is almost dead.
You hit the two-headed ogre but do no damage.
The two-headed ogre is almost dead.
The two-headed ogre hits you with a giant club.
* * * LOW HITPOINT WARNING * * *
The two-headed ogre closely misses you.
You hit the two-headed ogre.
The two-headed ogre is almost dead.
The two-headed ogre hits you with a giant club!!
You die...

....###########..........,,,
* * *
....#8###⌠###8#..........
..............†.......... ,
* *
......................... ,
......................... ,
....#8###8###8#.......... ,
....###########.......... ,
......................... ,
.................@....... ,
,* .................%O......
, .........................,
........................., *
.....................(..., *
* .........................
......................(.. ,
, .........................
, .........(......., , *


You could see a two-headed ogre.

Vanquished Creatures
  A human (D:7)
  A hungry ghost (D:7)
  4 hogs (D:7)
  A water moccasin (D:7)
  An orc warrior (D:7)
  A sky beast (D:7)
  2 ice beasts
  3 centaurs
  3 ogres
  A big kobold (D:7)
  5 bullfrogs
  A wyvern zombie (D:7)
  2 scorpions
  4 killer bees (D:7)
  5 howler monkeys
  3 crimson imps
  A bullfrog zombie (D:7)
  An orc priest (D:7)
  4 hounds
  2 orc wizards (D:7)
  A bullfrog skeleton (D:5)
  2 iguanas
  3 worker ants
  18 adders
  A gnoll (D:1)
  A shadow imp (D:3)
  2 adder zombies
  13 oozes
  3 adder skeletons
  5 worms
  A dart slug (D:3)
  13 leopard geckos
  5 orcs
  3 bats
  A bat skeleton (D:2)
  2 bat zombies (D:2)
  10 giant cockroaches
  13 goblins
  5 hobgoblins
  7 jackals
  9 kobolds
  4 quokkas
  12 ball pythons
  14 frilled lizards
  A jackal skeleton (D:4)
  A leopard gecko skeleton (D:2)
  4 rats
  A spectral orc (D:6)
201 creatures vanquished.

Vanquished Creatures (others)
  A goblin (D:3)
1 creature vanquished.

Grand Total: 202 creatures vanquished

Notes
Turn   | Place    | Note
-------+----------+-------------------------------------------
     0 | D:1      | MenacingMecha the Deep Dwarf Fighter began the quest for the Orb.
     0 | D:1      | Reached XP level 1. HP: 20/20 MP: 1/1
   164 | D:1      | Reached skill level 3 in Axes
   164 | D:1      | Reached XP level 2. HP: 22/27 MP: 2/2
   329 | D:1      | Reached XP level 3. HP: 24/33 MP: 3/3
   506 | D:2      | Found a hazy altar of Hepliaklqana.
   521 | D:2      | Reached skill level 4 in Axes
   737 | D:2      | Reached XP level 4. HP: 21/40 MP: 4/4
   830 | D:2      | Reached skill level 5 in Axes
  1258 | D:3      | Reached XP level 5. HP: 12/46 MP: 5/5
  1329 | D:3      | Found a faded altar of an unknown god.
  1594 | D:3      | Reached skill level 6 in Axes
  2112 | D:4      | Found a shimmering altar of Xom.
  2124 | D:4      | Found a shimmering altar of Xom.
  2125 | D:4      | Found a shimmering altar of Xom.
  2139 | D:4      | Found a shimmering altar of Xom.
  2139 | D:4      | Found a shimmering altar of Xom.
  2140 | D:4      | Found a shimmering altar of Xom.
  2256 | D:4      | HP: 9/46 [adder (3)]
  2359 | D:4      | Found a glowing drain.
  2368 | Sewer    | Entered a sewer
  2490 | Sewer    | Reached XP level 6. HP: 27/55 MP: 6/6
  2504 | Sewer    | Reached skill level 7 in Axes
  2776 | Sewer    | HP: 13/55 [bullfrog (2)]
  2782 | Sewer    | Reached skill level 8 in Axes
  2846 | D:4      | Found a snail-covered altar of Cheibriados.
  2873 | D:4      | Found a deep blue altar of Sif Muna.
  2904 | D:4      | Reached skill level 1 in Dodging
  2904 | D:4      | Reached XP level 7. HP: 38/61 MP: 6/6
  2930 | D:4      | Reached skill level 2 in Dodging
  3067 | D:4      | Reached skill level 3 in Dodging
  3433 | D:4      | Got a heavily runed ring mail
  3444 | D:4      | Identified the +5 ring mail "Xyiwkuox" {+Blink rCorr Str-5} (You found it on level 4 of the Dungeon)
  3751 | D:5      | Entered Level 5 of the Dungeon
  3768 | D:5      | Reached skill level 4 in Dodging
  3989 | D:5      | Reached skill level 5 in Dodging
  4070 | D:5      | Reached skill level 6 in Dodging
  4070 | D:5      | Reached XP level 8. HP: 24/68 MP: 7/7
  4183 | D:5      | Found a stormy altar of Qazlal.
  4525 | D:6      | Noticed a two-headed ogre
  4606 | D:6      | Found a shadowy altar of Dithmenos.
  4642 | D:6      | HP: 16/68 [iguana (3)]
  4667 | D:6      | Found an opulent altar of Gozag.
  4749 | D:6      | Found a staircase to the Ecumenical Temple.
  4767 | D:6      | HP: 15/68 [adder (1)]
  4770 | D:6      | Noticed Blork the orc
  4926 | D:6      | Reached skill level 9 in Axes
  5001 | D:6      | Found a basalt altar of Yredelemnul.
  5097 | D:7      | Reached skill level 10 in Axes
  5097 | D:7      | HP: 14/68 [something/puff of frost (4)]
  5164 | D:7      | HP: 9/68 [wyvern zombie (10)]
  5248 | D:7      | Reached skill level 11 in Axes
  5282 | D:7      | Gained mutation: You passively map the area around you. [Deep Dwarf growth]
  5282 | D:7      | Reached XP level 9. HP: 50/74 MP: 8/8
  5410 | D:7      | HP: 14/74 [hog (7)]
  5415 | D:7      | Reached skill level 12 in Axes
  5545 | D:7      | Reached skill level 13 in Axes
  5549 | D:7      | HP: 13/74 [electric eel/bolt of electricity (8)]
  5667 | Temple   | Entered the Ecumenical Temple
  5671 | Temple   | Became a worshipper of Makhleb the Destroyer
  5956 | D:7      | Reached skill level 1 in Stealth
  5993 | D:8      | Reached skill level 2 in Stealth
  6142 | D:8      | Noticed a two-headed ogre
  6147 | D:8      | HP: 13/74 [two-headed ogre/giant club (27)]
  6154 | D:8      | HP: 18/74 [two-headed ogre/giant club (14)]
  6157 | D:8      | Slain by a two-headed ogre

Vault maps used:
D:1:      dpeg_arrival_rooms_a
D:2:      old_standard_altar, serial_undead, serial_undead_c, serial_undead_e,
          serial_undead_a, serial_undead_f, kennysheep_generic_room_16
D:3:      chequers_ecumenical_altar_island
D:4:      old_standard_altar, overflow_temple_1_default, portal_sewer_entry_d,
          serial_co_window_serial, co_window_of_opportunity_a,
          co_window_corner_a, co_window_paths_a, co_window_paths_a,
          co_window_paths_a, co_window_cross_1, co_window_paths_a,
          co_window_cross_1, co_window_corner_a, co_window_of_opportunity_b,
          co_window_paths_c, co_window_2corner, co_window_of_opportunity_c,
          co_window_broadway_b, co_window_4corner_a, co_window_paths_e,
          glass_columns_b, glass_columns_a, glass_columns_b, glass_columns_b,
          xom_redecorated
D:5:      marbit_many_paths, first_bread
D:6:      yredelemnul_forgotten_temple_becter, lemuel_coloured_pillars_altar,
          nicolae_gozag_cash_rules_everything_around_me,
          minmay_temple_entry_statues, uniq_blork_the_orc
D:7:      minivault_14, grunt_livestock
D:8:      overflow_temple_1_default, nicolae_overflow_hidden_temple,
          serial_corexii_hall, corexii_hall_statues_t, corexii_hall_statues_i,
          basic_altar, uniq_grum
Temple:   nicolae_temple_x_marks_the_god
Sewer:    sewer_frog_island_02

Skill      XL: |  1  2  3  4  5  6  7  8  9 |
---------------+----------------------------+-----
Axes           | 3 4 5 6 8 11 13 | 13.3
Dodging        | 1 6 |  6.6
Stealth        | 2 |  2.4
Fighting       | |  2.6
Armour         | |  3.2
Shields        | |  3.2

Action                   |  1- 3 |  4- 6 |  7- 9 || total
-------------------------+-------+-------+-------++-------
Melee: War axe           |   110 |   333 |   385 ||   828
Throw: Javelin           |       |       |     7 ||     7
 Abil: Heal Wounds       |       |     2 |    10 ||    12
Evoke: Wand              |       |     1 |     4 ||     5
  Use: Scroll            |       |     6 |     5 ||    11
       Potion            |       |     2 |       ||     2
  Eat: Chunk             |       |     8 |    14 ||    22
Armor: Scale mail        |    74 |   170 |   128 ||   372
Dodge: Dodged            |    74 |   154 |   188 ||   416
Block: Other             |       |    58 |    65 ||   123
       Reflection        |       |     1 |     2 ||     3

Vault maps used:
D:1:      dpeg_arrival_rooms_a
D:2:      old_standard_altar, serial_undead, serial_undead_c, serial_undead_e,
          serial_undead_a, serial_undead_f, kennysheep_generic_room_16
D:3:      chequers_ecumenical_altar_island
D:4:      old_standard_altar, overflow_temple_1_default, portal_sewer_entry_d,
          serial_co_window_serial, co_window_of_opportunity_a,
          co_window_corner_a, co_window_paths_a, co_window_paths_a,
          co_window_paths_a, co_window_cross_1, co_window_paths_a,
          co_window_cross_1, co_window_corner_a, co_window_of_opportunity_b,
          co_window_paths_c, co_window_2corner, co_window_of_opportunity_c,
          co_window_broadway_b, co_window_4corner_a, co_window_paths_e,
          glass_columns_b, glass_columns_a, glass_columns_b, glass_columns_b,
          xom_redecorated
D:5:      marbit_many_paths, first_bread
D:6:      yredelemnul_forgotten_temple_becter, lemuel_coloured_pillars_altar,
          nicolae_gozag_cash_rules_everything_around_me,
          minmay_temple_entry_statues, uniq_blork_the_orc
D:7:      minivault_14, grunt_livestock
D:8:      overflow_temple_1_default, nicolae_overflow_hidden_temple,
          serial_corexii_hall, corexii_hall_statues_t, corexii_hall_statues_i,
          basic_altar, uniq_grum
Temple:   nicolae_temple_x_marks_the_god
Sewer:    sewer_frog_island_02

Table legend:
 A = Turns spent in this place as a percentage of turns spent in the entire game.
 B = Non-inter-level travel turns spent in this place as a percentage of non-inter-level travel turns spent in the entire game.
 C = Inter-level travel turns spent in this place as a percentage of turns spent in this place.
 D = Turns resting spent in this place as a percentage of non-inter-level travel turns spent in this place.
 E = Turns spent auto-exploring this place as a percentage of non-inter-level travel turns spent in this place.
 F = Non-inter-level travel turns spent in this place divided by the number of levels of this place that you've seen.
                   A       B       C       D       E      F
               +-------+-------+-------+-------+-------+----------------------
         Total | 100.0 | 100.0 |   0.7 |   0.2 |   5.1 | 258.5
       Dungeon |  85.1 |  85.0 |   0.8 |   0.2 |   5.4 | 274.8
        Temple |   1.3 |   1.3 |   0.0 |   0.0 |   0.0 |  33.0
         Sewer |  13.6 |  13.7 |   0.0 |   0.0 |   4.0 | 354.0
               +-------+-------+-------+-------+-------+----------------------

Table legend:
 A = Kills in this place as a percentage of kills in entire the game.
 B = Kills by you in this place as a percentage of kills by you in the entire game.
 C = Kills by friends in this place as a percentage of kills by friends in the entire game.
 D = Other kills in this place as a percentage of other kills in the entire game.
 E = Experience gained in this place as a percentage of experience gained in the entire game.
 F = Experience gained in this place divided by the number of levels of this place that you have seen.
                   A       B       C       D       E      F
               +-------+-------+-------+-------+-------+----------------------
         Total | 100.0 | 100.0 |  -nan | 100.0 | 100.0 | 513.4
       Dungeon |  72.8 |  72.6 |  -nan | 100.0 |  93.0 | 597.1
         Sewer |  27.2 |  27.4 |  -nan |   0.0 |   7.0 | 357.0
               +-------+-------+-------+-------+-------+----------------------
